 Dungeon Crawl Stone Soup version 0.29-a0-1027-gcd8c55af63 (webtiles) character file.

Game seed: 4394265892347547066

5833 siradein the Impaler (level 10, -1/79 HPs)
             Began as a Merfolk Berserker on Aug 13, 2022.
             Was a High Priest of Trog.
             Slain by a wight
             ... wielding a +4 halberd
             ... summoned by an orange crystal statue
              (13 damage)
             ... on level 8 of the Dungeon.
             The game lasted 00:21:11 (7209 turns).

siradein the Impaler (Merfolk Berserker)            Turns: 7209, Time: 00:21:12

Health: -1/79      AC:  8    Str: 18    XL:     10   Next: 80%
Magic:  0/10       EV: 15    Int:  7    God:    Trog [*****.]
Gold:   452        SH:  0    Dex: 17    Spells: 9/9 levels left

rFire   . . .      SeeInvis .   I - +5 glaive (venom)
rCold   . . .      Faith    .   (shield currently unavailable)
rNeg    . . .      Spirit   +   d - +0 ring mail
rPois   +          Reflect  .   j - +2 helmet
rElec   .          Harm     .   (no cloak)
rCorr   .          Rampage  .   l - +0 pair of gloves
Will    .....                   E - +1 pair of boots
Stlth   +.........              k - amulet of guardian spirit
HPRegen 0.23/turn               C - ring of poison resistance
MPRegen 0.12/turn               (no ring)

@: corroded
A: (nimble swimmer 2), mertail
a: Renounce Religion, Berserk, Trog's Hand, Brothers in Arms


You were on level 8 of the Dungeon.
You worshipped Trog.
Trog was extremely pleased with you.
You visited 1 branch of the dungeon, and saw 8 of its levels.
You also visited: Sewer.

You collected 452 gold pieces.

Inventory:

Hand Weapons
 h - a +2 halberd of protection
 m - the +8 spear of Watchfulness {spect, rF+}
   (You found it on level 2 of the Dungeon)

   When its wielder attacks, the weapon's spirit leaps out and strikes again.
   The spirit shares a part of any damage it takes with its wielder.
   rF:        It protects you from fire.
 I - a +5 glaive of venom (weapon)
Missiles
 w - 7 boomerangs (quivered)
 G - 2 javelins
Armour
 d - a +0 ring mail (worn)
 j - a +2 helmet (worn)
 l - a +0 pair of gloves (worn)
 E - a +1 pair of boots (worn)
Jewellery
 k - an amulet of guardian spirit (around neck)
 u - an amulet of faith
 B - an amulet of magic regeneration
 C - a ring of poison resistance (left hand)
Wands
 i - a wand of digging (10)
 q - a wand of roots (4)
 v - a wand of polymorph (6)
Scrolls
 a - a scroll of enchant armour {unknown}
 b - a scroll of noise {unknown}
 c - a scroll of enchant weapon {unknown}
 e - a scroll of vulnerability {unknown}
 o - a scroll of blinking
 p - a scroll of fog {unknown}
 r - 4 scrolls of amnesia {unknown}
 s - a scroll of silence {unknown}
 t - 3 scrolls of fear {unknown}
 y - 2 scrolls of teleportation
 D - a scroll of acquirement {unknown}
 F - a scroll of torment
Potions
 f - 2 potions of berserk rage
 g - 2 potions of attraction
 n - 5 potions of curing
 x - 2 potions of flight {unknown}
 z - 2 potions of brilliance {unknown}
 A - a potion of degeneration {unknown}
 H - a potion of haste {unknown}


   Skills:
 + Level 7.6 Fighting
 + Level 17.9 Polearms
 + Level 4.9 Armour
 + Level 8.5 Dodging


You had 9 spell levels left.
You didn't know any spells.
Your spell library was empty.

Dungeon Overview and Level Annotations

Branches:
Dungeon (8/15)             Temple (0/1) D:5           Sewer (visited)
   Lair: D:8-11

Altars:
Makhleb
Okawaru
Sif Muna
Trog
Yredelemnul

Shops:
D:1 [

Annotations:
D:8 exclusion: orange crystal statue


Innate Abilities, Weirdness & Mutations

((You are very nimble when in or above water. (Stealth+, EV+, Speed+++)))
Your lower body shifts to a powerful aquatic tail in water.


Message History

Really walk into a travel-excluded area?
C - a ring of poison resistance Partly explored, can't reach some items and places.
Partly explored, can't reach some items and places.
Partly explored, can't reach some items and places.
Partly explored, can't reach some items and places.
Partly explored, can't reach some items and places.
C - a ring of poison resistance (left hand) Really walk into a travel-excluded area?
The orange crystal statue glitters.
The orange crystal statue glitters topaz in the dim dungeon light.
The orange crystal statue glitters.
You are confused.
The orange crystal statue glitters.
You are more confused.
The acid dragon spits acid at you. The splash of acid hits you!!
The acid corrodes you!
The orange crystal statue glitters.
You barely miss the acid dragon.
The orange crystal statue fixes its piercing gaze on you.
You feel your power leaking away.
Okay, then.
The acid dragon spits acid at you. The splash of acid hits you!
You bump into the rock wall.
The acid dragon barely misses you. The acid dragon claws you.
You slash the acid dragon!
The acid dragon is moderately wounded.
The acid dragon closely misses you.
The acid dragon claws you but does no damage.
You completely miss the acid dragon.
The acid dragon is moderately wounded.
The acid dragon spits acid at you. The splash of acid hits you!!
* * * LOW HITPOINT WARNING * * *
Unknown command.
It was a potion of curing.
You feel better. The acid dragon closely misses you.
The acid dragon barely misses you.
The wight hits you from afar with a +4 halberd!
You die...

....#...# #..........≈≈≈......
#[##..#.# ####.....z.≈?≈≈..!..
#.##..#.####### #....o≈§≈8$≈§....
..............# ##.....≈z§.≈≈≈...
#.##..#.#####.####....≈≈§§≈≈§≈...
#.##..#.##......##.....≈F§≈≈.....
........##.##.#.#.z....≈≈≈≈......
###.######.##.#.#........≈.......
#.............#.@D.........^?....
#......###.#.##.##...............
#>.....###......##..............#
#......##....######............#.
#......##.##.# ###............
######.......# #############
####<#### #######.# #.......#


You could see an acid dragon (summoned, catching breath), 2 wights and an orc
(summoned).

Vanquished Creatures
  Maggie (D:8)
  Grinder (D:4)
  6 yaks (D:8)
  A steam dragon (D:8)
  2 water moccasins
  3 orc warriors
  4 black bears
  An ogre (D:6)
  2 centaurs
  A phantom (D:5)
  2 necrophages
  A kobold brigand (D:7)
  7 bullfrogs
  3 scorpions
  8 wights
  4 howler monkeys (D:7)
  4 lava snakes (D:8)
  A jelly (D:8)
  3 hounds
  5 orc priests
  4 iguanas
  4 orc wizards
  Robin (D:2)
  11 gnolls
  10 adders
  A river rat (D:3)
  A white imp (D:4)
  2 dart slugs
  26 orcs
  16 endoplasms
  11 giant cockroaches
  7 hobgoblins
  10 kobolds
  8 quokkas
  19 ball pythons
  4 bats
  9 frilled lizards
  19 goblins
  14 rats
237 creatures vanquished.

Vanquished Creatures (others)
  An orc (D:8)
1 creature vanquished.

Grand Total: 238 creatures vanquished

Notes
Turn   | Place    | Note
-------+----------+-------------------------------------------
     0 | D:1      | siradein the Merfolk Berserker began the quest for the Orb.
     0 | D:1      | Reached XP level 1. HP: 18/18 MP: 1/1
   326 | D:1      | Reached XP level 2. HP: 20/24 MP: 2/2
   416 | D:1      | Found Guihutt's Antique Armour Boutique.
   831 | D:1      | Found a faded altar of an unknown god.
   922 | D:2      | Reached XP level 3. HP: 29/29 MP: 3/3
   937 | D:2      | Reached ** piety under Trog
  1020 | D:2      | Found an iron altar of Okawaru.
  1031 | D:2      | Reached XP level 4. HP: 36/37 MP: 4/4
  1270 | D:2      | Noticed Robin
  1291 | D:2      | Killed Robin
  1475 | D:2      | Reached skill level 5 in Polearms
  1685 | D:2      | Reached XP level 5. HP: 42/42 MP: 5/5
  1715 | D:2      | Identified the +8 spear of Watchfulness {spect, rF+}
  1881 | D:3      | Reached *** piety under Trog
  2227 | D:3      | Found a glowing drain.
  2239 | Sewer    | Entered a sewer
  2322 | Sewer    | Reached XP level 6. HP: 49/49 MP: 6/6
  2330 | Sewer    | Reached **** piety under Trog
  2435 | Sewer    | Reached skill level 5 in Fighting
  2435 | Sewer    | Reached skill level 5 in Dodging
  2795 | D:3      | Found a burning altar of Makhleb.
  2937 | D:4      | Reached skill level 6 in Polearms
  2939 | D:4      | Reached XP level 7. HP: 56/56 MP: 7/7
  2949 | D:4      | Noticed Grinder
  2982 | D:4      | Paralysed by Grinder for 2 turns
  2988 | D:4      | Killed Grinder
  3582 | D:4      | Reached XP level 8. HP: 64/64 MP: 8/8
  3587 | D:4      | Reached skill level 7 in Polearms
  3875 | D:4      | Reached skill level 17 in Polearms
  3875 | D:4      | Reached XP level 9. HP: 69/69 MP: 9/9
  3924 | D:5      | Entered Level 5 of the Dungeon
  4260 | D:5      | Found a staircase to the Ecumenical Temple.
  4560 | D:6      | Found a shimmering blue altar of Sif Muna.
  4564 | D:6      | Found a bloodstained altar of Trog.
  4759 | D:6      | Found a basalt altar of Yredelemnul.
  5361 | D:7      | Reached ***** piety under Trog
  5424 | D:7      | Reached XP level 10. HP: 76/77 MP: 10/10
  6054 | D:8      | Received a gift from Trog
  6055 | D:8      | Noticed Maggie
  6083 | D:8      | Killed Maggie
  6257 | D:8      | Noticed an orange crystal statue
  7209 | D:8      | Slain by a wight

Illustrated notes

Levels and vault maps discovered:
D:1:      wander_arrival_peaceful_grave, layout_loops_ring, serial_shops,
          nicolae_shop_temple_entry_statues_fountains,
          hellmonk_ecumenical_altar_leap_of_faith
D:2:      layout_basic, basic_altar, uniq_robin
D:3:      layout_basic, lemuel_doored_altar, portal_sewer_entry_e
D:4:      layout_gridville, uniq_grinder
D:5:      layout_loops_ring, minmay_temple_entry_wispy
D:6:      layout_loops_ring, mainiacjoe_overflow_surrounded_room,
          mainiacjoe_overflow_cross_hatched,
          mainiacjoe_overflow_concentric_impassable, minmay_strange_pillars
D:7:      layout_basic, nrook_mini_backslash
D:8:      layout_loops_cross, disabler_island, uniq_maggie

Skill      XL: |  1  2  3  4  5  6  7  8  9 10 |
---------------+-------------------------------+-----
Dodging        | 3 4 5 6 7 8 |  8.5
Armour         | 2 3 4 |  4.9
Fighting       | 4 5 6 7 |  7.6
Polearms       | 5 6 17 | 17.9

Action                   |  1- 3 |  4- 6 |  7- 9 | 10-12 || total
-------------------------+-------+-------+-------+-------++-------
Melee: Spear             |    80 |    91 |   112 |    60 ||   343
       Halberd           |     6 |    79 |     9 |       ||    94
       Tailslap          |       |     2 |       |       ||     2
       Glaive            |       |       |       |    15 ||    15
Throw: Boomerang         |       |       |       |    66 ||    66
Invok: Berserk           |     1 |     2 |     1 |     1 ||     5
  Use: Scroll            |       |       |     3 |     4 ||     7
       Potion            |       |       |     1 |     1 ||     2
 Stab: Sleeping          |     1 |       |       |       ||     1
       Distracted        |       |       |     2 |     3 ||     5
Armor: Animal skin       |     3 |       |       |       ||     3
       Ring mail         |     8 |    65 |    19 |     7 ||    99
Dodge: Dodged            |    42 |    75 |    22 |    22 ||   161

Table legend: (Time is in decaauts)
 A = Elapsed time spent in this place.
 B = Non-inter-level travel time spent in this place.
 C = Inter-level travel time spent in this place.
 D = Time resting spent in this place.
 E = Time spent auto-exploring this place.
 F = Levels seen in this place.
 G = Mean time per level.
                   A        B        C        D        E       F      G
               +--------+--------+--------+--------+--------+-----+--------+
         Total |   7126 |   6873 |    253 |      0 |   5457 |   9 |  791.8 |
       Dungeon |   6955 |   6702 |    253 |      0 |   5393 |   8 |  869.4 |
         Sewer |    170 |    170 |      0 |      0 |     64 |   1 |  170.0 |
               +--------+--------+--------+--------+--------+-----+--------+

Top non-repeatable levels by time:
     D:8: 1319 daAuts
     D:2: 987 daAuts
     D:4: 956 daAuts
     D:1: 898 daAuts
     D:3: 882 daAuts
     D:6: 721 daAuts
     D:7: 617 daAuts
     D:5: 573 daAuts
   Sewer: 170 daAuts
